Cogmind - Beta 11 @@@ ROGUE MODE // 2022.04.04 @ 22:36:49 Player: Runia Result: Destroyed by Y-45 Defender with Heavy Assault Rifle Performance ------------- Evolutions (2) 1000 Regions Visited (6) 1200 Robots Destroyed (52) 260 Value Destroyed (1583) 1583 Prototype IDs (36) 720 Alien Tech Used (0) 0 Bonus (-585) -585 TOTAL SCORE: 4178 Bonus ------- High Alert Combat Kills 42 Follower Combat Kills 155 Aligned with FarCom 300 Friendly Fire -1082 Cogmind --------- Core Integrity 0/550 Matter 265/300 Energy 100/100 System Corruption 0% Temperature Cool (31) Movement Treading (150) Location -8/Storage Parts ------- > --- POWER (1) -------- (None) > --- PROPULSION (4) --- Improved Treads Advanced Treads Advanced Treads > --- UTILITY (4) ------ Large Storage Unit > --- WEAPON (2) ------- Mini Grenade Launcher Scythe > --- INVENTORY (15) --- Advanced Treads Superbattery (1465) YI-UF0's Bottomless Matter Pit (994) Advanced Weight Redist. System Experimental Sensor Array Modified TNC Remote Shield Hacking Suite Particle Gun Light Assault Rifle Advanced EMP Blaster Mini Grenade Launcher Mini Grenade Launcher Heavy Mace Scythe Peak State ------------ > --- POWER ------------ (None) > --- PROPULSION ------- Light Treads Improved Treads Advanced Treads Advanced Treads > --- UTILITY ---------- Heat Sink Large Storage Unit Superbattery Improved Light Armor Plating > --- WEAPON ----------- Scythe Scythe > --- INVENTORY -------- Advanced Treads YI-UF0's Bottomless Matter Pit Advanced Weight Redist. System Experimental Sensor Array Modified TNC Remote Shield Hacking Suite Particle Gun Light Assault Rifle Advanced EMP Blaster Mini Grenade Launcher Mini Grenade Launcher Mini Grenade Launcher Heavy Mace [Rating: 35] Favorites ----------- Power Light Ion Engine Engine Light Ion Engine Power Core Light Nuclear Core Propulsion Light Treads Treads Light Treads Leg Aluminum Leg Flight Unit Improved VTOL Module Utility Large Storage Unit Device Structural Scanner Storage Large Storage Unit Protection Light Armor Plating Weapon Light Assault Rifle Energy Gun EM Pulse Gun Ballistic Gun Light Assault Rifle Launcher Mini Grenade Launcher Impact Weapon Heavy Mace Slashing Weapon Scythe Build | -11 -10 -10 -10 -9 -8 -8 ------- Run | Scr Mat Min Exi Min Mat Sto Slots Evolved 4 | . . . . . 4 . Power . | . . . . . . . Propulsion 2 | . . . . . 2 . Utility 2 | . . . . . 2 . Weapon . | . . . . . . . Parts Attached 60 | 2 10 3 1 2 28 14 Power 1 | . . . . . 1 . Engine . | . . . . . . . Core 1 | . . . . . 1 . Reactor . | . . . . . . . Propulsion 16 | 2 . . 1 . 9 4 Treads 15 | 2 . . 1 . 8 4 Leg . | . . . . . . . Wheel . | . . . . . . . Hover . | . . . . . . . Flight 1 | . . . . . 1 . Utility 11 | . 3 2 . . 4 2 Device 6 | . 2 1 . . 2 1 Storage 3 | . 1 1 . . . 1 Processor . | . . . . . . . Hackware . | . . . . . . . Protection 2 | . . . . . 2 . Artifact . | . . . . . . . Weapon 32 | . 7 1 . 2 14 8 Energy Gun 5 | . 4 . . . 1 . Energy Cannon . | . . . . . . . Ballistic Gun 11 | . 1 1 . 1 7 1 Ballistic Cannon . | . . . . . . . Launcher 8 | . 2 . . 1 3 2 Special Weapon . | . . . . . . . Impact Weapon 6 | . . . . . 3 3 Slashing Weapon 2 | . . . . . . 2 Piercing Weapon . | . . . . . . . Special Melee Weapon . | . . . . . . . Unidentified Prototypes 4 | . . 1 . . 2 1 Parts Lost 14 | . 1 . . . 5 8 Power 2 | . . . . . 1 1 Propulsion 4 | . . . . . . 4 Utility 5 | . . . . . 2 3 Weapon 3 | . 1 . . . 2 . Highest Loss Streak 5 | . 1 . . . 4 5 To Critical Strikes . | . . . . . . . Average Slot Usage (%) 96 | . 98 100 100 100 96 80 Engine 11 | . 14 14 14 14 8 . Treads 29 | . 28 28 28 28 35 31 Device 13 | . 12 14 14 14 15 7 Storage 12 | . 14 14 14 14 9 9 Protection 2 | . . . . . 8 8 Energy Gun 6 | . 19 2 . . . 5 Ballistic Gun 17 | . 7 25 28 28 15 5 Naked Turns . | . . . . . . . Heaviest Build 35 | 11 28 28 26 26 34 35 Greatest Support 87 | 40 40 40 40 40 80 87 Greatest Overweight (x) . | . . . . . . . Average Overweight (x) . | . . . . . . . Largest Inventory Capacity 15 | 8 15 15 15 15 15 15 Average Capacity 14 | 8 14 15 15 15 15 15 Most Carried 15 | 6 13 15 15 15 15 15 Average Carried 12 | 5 9 14 14 14 12 13 Final Capacity 15 | 8 15 15 15 15 15 15 Final Carried 15 | 2 13 15 14 14 14 15 Class Distribution -------------------- 77% | Mutant 8% | Scavenger-Skirmisher 6% | Skirmisher 3% | Assassin Dominant Class ---------------- Mutant | -10/Materials Mutant | -10/Mines Mutant | -10/Exiles Mutant | -9/Mines Skirmisher | -8/Materials Mutant | -8/Storage Resources | -11 -10 -10 -10 -9 -8 -8 ----------- Run | Scr Mat Min Exi Min Mat Sto Matter Collected 2092 | 173 312 261 550 98 294 404 Remotely . | . . . . . . . Salvage Created 1882 | 74 644 186 . 5 596 377 Parts 97 | 2 36 15 . 2 27 15 Haulers Intercepted 2 | . 2 . . . . . Recyclers Shooed 4 | . 1 2 . . . 1 Parts Field Recycled . | . . . . . . . Retrieved Matter . | . . . . . . . Parts Self-Destructed . | . . . . . . . Prevented . | . . . . . . . Kills | -11 -10 -10 -10 -9 -8 -8 ------- Run | Scr Mat Min Exi Min Mat Sto Combat Hostiles Destroyed 37 | . 12 . . 3 14 8 Melee 5 | . . . . . 2 3 Guns 13 | . 7 . . . 5 1 AOE 17 | . 5 . . 3 6 3 Classes Destroyed 12 | 1 6 1 . . 4 . Worker 6 | . 2 3 . . 1 . Builder 1 | . 1 . . . . . Tunneler 1 | . . 1 . . . . Hauler 2 | . 2 . . . . . Recycler 3 | 1 1 . . . . 1 Watcher 1 | . 1 . . . . . Swarmer 6 | . 3 . . 3 . . Grunt 23 | . 9 . . . 7 7 Brawler 2 | . . . . . 2 . Duelist 1 | . . . . . 1 . Protector 1 | . . . . . 1 . Sentry 4 | . . . . . 3 1 Best Kill Streak 6 | 1 6 2 . 3 6 5 Combat Bots Only 5 | . 5 . . 3 5 5 Max Kills in Single Turn 3 | 1 3 1 . 3 2 2 Gunslinging . | . . . . . . . Exploded 3 | . 2 . . 3 2 2 Melee 1 | . . . . . 1 1 Uniques/NPCs Destroyed 1 | . . 1 . . . . YI-UF0 (-10/Mines) Combat | -11 -10 -10 -10 -9 -8 -8 -------- Run | Scr Mat Min Exi Min Mat Sto Damage Taken 2902 | . 401 . . 19 848 1634 Core 607 | . 51 . . . 136 420 Absorbed by Shields . | . . . . . . . Regen/Repaired (Parts) 142 | . . . . . 95 47 Core Remaining (%) 89 | 100 . . . 79 . . Volleys Fired 132 | 2 52 30 . 1 35 12 Largest 2 | 2 2 2 . 1 2 2 Hottest 85 | 60 85 85 . 30 85 85 Shots Fired 244 | 4 98 60 . 1 61 20 Gun 228 | 4 93 60 . . 54 17 Cannon . | . . . . . . . Launcher 16 | . 5 . . 1 7 3 Special . | . . . . . . . Kinetic 142 | 2 24 56 . . 52 8 Thermal 38 | . 23 4 . . 2 9 Explosive 16 | . 5 . . 1 7 3 Electromagnetic 48 | 2 46 . . . . . Robot Hit Streak 11 | 2 9 9 . . 11 5 Robot Miss Streak 3 | 1 3 3 . . 1 2 Penetration Max . | . . . . . . . Secondary Targets . | . . . . . . . Shots Hit Robots 188 | 3 59 41 . . 56 29 Core Hits 95 | 1 25 17 . 3 31 18 Critical Kills . | . . . . . . . Critical Parts Destroyed 2 | . . 1 . . 1 . Critical Strikes 7 | . 2 1 . . 1 3 Burn 1 | . 1 . . . . . Destroy 1 | . . 1 . . . . Corrupt 1 | . 1 . . . . . Smash 1 | . . . . . 1 . Sever 3 | . . . . . . 3 Melee Attacks 49 | . . . . . 13 36 Impact 30 | . . . . . 13 17 Slashing 19 | . . . . . . 19 Piercing . | . . . . . . . Sneak Attacks 3 | . . . . . . 3 Combat Hostiles . | . . . . . . . Follow-up Attacks 2 | . . . . . . 2 Damage Inflicted 4548 | 93 1192 361 . 157 1325 1420 Guns 1704 | 31 757 361 . . 434 121 Cannons . | . . . . . . . Explosions 1901 | 62 415 . . 157 626 641 Melee 888 | . . . . . 249 639 Ramming 55 | . 20 . . . 16 19 Kinetic 852 | 6 93 316 . . 407 30 Thermal 632 | 62 407 45 . . 27 91 Explosive 1679 | . 255 . . 157 626 641 Electromagnetic 442 | 25 417 . . . . . Impact 394 | . . . . . 249 145 Slashing 494 | . . . . . . 494 Piercing . | . . . . . . . Highest Corruption . | . . . . . . . Average Corruption . | . . . . . . . Corruption Purged . | . . . . . . . Corruption Blocked . | . . . . . . . Overload Shots . | . . . . . . . Overflow Damage 198 | 9 17 . . . 119 53 Projectiles . | . . . . . . . Explosions 98 | 9 17 . . . 72 . Melee 100 | . . . . . 47 53 Knockbacks . | . . . . . . . Impact . | . . . . . . . Kinetic . | . . . . . . . Secondary . | . . . . . . . Self-Inflicted Damage 215 | . 89 . . . 33 93 Shots 7 | . 2 . . . 2 3 Rammed 12 | . 7 . . . 1 4 Targets Rammed 14 | . 7 . . . 1 6 Kicked . | . . . . . . . Crushed 2 | . . . . . . 2 Highest Temperature 244 | 20 244 50 . . 80 243 Average Temperature 73 | 15 77 25 . . 14 123 Received Heat Transfer 1326 | . 174 . . . 378 774 Effects 1 | . . . . . . 1 Interference 1 | . . . . . . 1 Siege Activations . | . . . . . . . Robots Corrupted 1 | . 1 . . . . . Combat Hostiles . | . . . . . . . Parts Fried 4 | . 3 . . . 1 . Impact Corruptions 3 | . . . . . 2 1 Robots Melted . | . . . . . . . Combat Hostiles . | . . . . . . . Parts Melted 2 | 1 1 . . . . . Heat Transferred 1273 | 100 766 111 . . 74 222 Parts Sabotaged . | . . . . . . . Parts Stolen . | . . . . . . . Parts Stripped . | . . . . . . . Power Chain Reactions 4 | 1 3 . . . . . Missiles Intercepted . | . . . . . . . Alert | -11 -10 -10 -10 -9 -8 -8 ------- Run | Scr Mat Min Exi Min Mat Sto Peak Influence 491 | 5 418 190 . 205 491 295 Initial 207 | . 3 162 . . 72 207 Average 178 | 3 254 68 . 156 224 195 Maximum Alert Level 2 | . 2 . . 1 2 1 Low Security (%) 59 | 100 30 100 . 99 51 30 Level 1 30 | . 52 . . . 21 69 Level 2 10 | . 17 . . . 26 . Level 3 . | . . . . . . . Level 4 . | . . . . . . . Level 5 . | . . . . . . . High Security . | . . . . . . . Max Security . | . . . . . . . Squads Dispatched 11 | . 4 . . . 3 4 Investigation 6 | . 3 . . . 2 1 Extermination . | . . . . . . . Reinforcement 2 | . 1 . . . . 1 Assault 3 | . . . . . 1 2 Garrison . | . . . . . . . Intercept . | . . . . . . . Searches Triggered . | . . . . . . . Construction Impeded . | . . . . . . . Haulers Reinforced . | . . . . . . . Active Scanning Responses . | . . . . . . . Cargo Convoy Interrupts . | . . . . . . . Stealth | -11 -10 -10 -10 -9 -8 -8 --------- Run | Scr Mat Min Exi Min Mat Sto Distress Signals 4 | . 3 . . . 1 . Communications Jammed . | . . . . . . . Distress Signals . | . . . . . . . Times Spotted 62 | . 20 . . 3 19 20 Peak Tracking Total 12 | . 3 . . 3 4 12 Tactical Retreats 2 | . 2 . . . . . Traps | -11 -10 -10 -10 -9 -8 -8 ------- Run | Scr Mat Min Exi Min Mat Sto Traps Triggered 1 | . 1 . . . . . Indirectly . | . . . . . . . Trap Hack Attempts . | . . . . . . . Triggered . | . . . . . . . Disarmed . | . . . . . . . Reprogrammed . | . . . . . . . Reused . | . . . . . . . Traps Extracted . | . . . . . . . Installed . | . . . . . . . Triggered . | . . . . . . . Machines | -11 -10 -10 -10 -9 -8 -8 ---------- Run | Scr Mat Min Exi Min Mat Sto Machines Disabled 6 | . 2 . . . 3 1 Max in Single Turn 2 | . 2 . . . 2 1 Garrison Access 1 | . . . . . 1 . Machines Sabotaged . | . . . . . . . Garrisons Compromised . | . . . . . . . Overloaded Fab Kills . | . . . . . . . Hacking | -11 -10 -10 -10 -9 -8 -8 --------- Run | Scr Mat Min Exi Min Mat Sto Machines Accessed 18 | . 6 1 2 . 5 4 Terminals 9 | . 4 1 . . 2 2 Fabricators . | . . . . . . . Repair Stations 2 | . . . . . 1 1 Recycling Units 4 | . 2 . . . 1 1 Scanalyzers . | . . . . . . . Garrison Access 1 | . . . . . 1 . Total Hacks 45 | . 11 3 2 . 14 15 Successful 23 | . 5 2 2 . 8 6 Failed 22 | . 6 1 . . 6 9 Catastrophic 2 | . 1 . . . . 1 Database Lockouts . | . . . . . . . Manual 14 | . 6 3 1 . 3 1 Terminals 27 | . 9 3 . . 4 11 Fabricators . | . . . . . . . Repair Stations 8 | . . . . . 6 2 Recycling Units 5 | . 2 . . . 1 2 Scanalyzers . | . . . . . . . Garrison Access 3 | . . . . . 3 . Terminal Hacks 12 | . 3 2 2 . 2 3 Record 1 | . . . 1 . . . Part Schematic 1 | . . 1 . . . . Prototype ID Bank 4 | . 1 1 . . 1 1 Branch Access Points 1 | . . . . . 1 . Terminal Index 1 | . 1 . . . . . Alert Level 1 | . . . . . . 1 Locate Traps 1 | . . . . . . 1 Dispatch Records 1 | . 1 . . . . . EX-Prototype ID Bank 1 | . . . 1 . . . Fabricator Hacks . | . . . . . . . Repair Station Hacks 7 | . . . . . 5 2 Scan Component 4 | . . . . . 3 1 Repair 3 | . . . . . 2 1 Recycling Unit Hacks 1 | . . . . . . 1 Report Inventory 1 | . . . . . . 1 Scanalyzer . | . . . . . . . Garrison Access Hacks . | . . . . . . . Unauthorized Hacks 3 | . 2 . . . 1 . Terminals . | . . . . . . . Fabricators . | . . . . . . . Repair Stations . | . . . . . . . Recycling Units 3 | . 2 . . . 1 . Tunnel 3 | . 2 . . . 1 . Scanalyzers . | . . . . . . . Garrison Access . | . . . . . . . Data Cores Recovered . | . . . . . . . Used . | . . . . . . . Hacking Detections 13 | . 4 1 . . 4 4 Full Trace Events 2 | . . . . . 1 1 Feedback Events . | . . . . . . . Feedback Blocked . | . . . . . . . Robot Schematics Acquired . | . . . . . . . Robots Built . | . . . . . . . Authchips . | . . . . . . . Time . | . . . . . . . Total Robot Build Rating . | . . . . . . . Part Schematics Acquired 1 | . . 1 . . . . Parts Built . | . . . . . . . Authchips . | . . . . . . . Time . | . . . . . . . Total Part Build Rating . | . . . . . . . Parts Repaired 3 | . . . . . 2 1 Time 184 | . . . . . 134 50 Parts Recycled . | . . . . . . . Recycled Matter . | . . . . . . . Retrieved Matter . | . . . . . . . Retrieved Components . | . . . . . . . Parts Scanalyzed . | . . . . . . . Part Schematics Acquired . | . . . . . . . Parts Damaged . | . . . . . . . Bothacking | -11 -10 -10 -10 -9 -8 -8 ------------ Run | Scr Mat Min Exi Min Mat Sto Used RIF Installer . | . . . . . . . Robots Hacked . | . . . . . . . Non-combat . | . . . . . . . Combat . | . . . . . . . Robot Hacks Applied . | . . . . . . . Relay Couplers Released 2 | . . . . . 2 . Machine Destruction 2 | . . . . . 2 . Fabnet Peak Effective % . | . . . . . . . Robots Rewired . | . . . . . . . Allies Hacked . | . . . . . . . Hacks Repelled . | . . . . . . . Allies | -11 -10 -10 -10 -9 -8 -8 -------- Run | Scr Mat Min Exi Min Mat Sto Total Allies 5 | . . 3 . . . 2 Largest Group 3 | . . 3 3 3 . 2 Highest-Rated Group 62 | . . 40 40 40 . 62 Highest-Rated Ally 31 | . . 16 16 16 . 31 Total Orders . | . . . . . . . Ally Attacks 30 | . . . . 17 . 13 Total Damage 380 | . . . . 169 . 211 Kills 6 | . . . . 5 . 1 Allies Corrupted . | . . . . . . . Allies Melted . | . . . . . . . Intel | -11 -10 -10 -10 -9 -8 -8 ------- Run | Scr Mat Min Exi Min Mat Sto Robot Analysis Total . | . . . . . . . Derelict Logs Recovered 5 | . . 3 . 2 . . Drone Launches . | . . . . . . . Drone Recoveries . | . . . . . . . Exploration | -11 -10 -10 -10 -9 -8 -8 ------------- Run | Scr Mat Min Exi Min Mat Sto Turns Passed 4244 | 10 1040 1076 604 206 728 580 Spaces Moved 2020 | 1 521 612 374 120 249 143 Core . | . . . . . . . Treads 2020 | 1 521 612 374 120 249 143 Legs . | . . . . . . . Wheels . | . . . . . . . Hover . | . . . . . . . Flight . | . . . . . . . Fastest Speed 152 | 160 160 160 160 160 160 152 Average Speed 159 | 160 160 160 160 160 160 159 Slowest Speed 160 | 160 160 160 160 160 160 160 Overloaded Moves . | . . . . . . . Propulsion Burnouts . | . . . . . . . Robots Hopped . | . . . . . . . Cave-ins Triggered . | . . . . . . . Exploration Rate (%) 46 | 2 86 98 70 33 19 20 Regions Visited 6 Branch Regions 4 Pre-discovered Areas 6 | . 2 2 1 . 1 . Known Exits Taken 2 | . . . . 1 1 . Unknown Exits Taken 4 | 1 1 1 1 . . . Scrap Searched 1 | . . 1 . . . . Spaces Dug 45 | . 15 . . . 21 9 Terrain Destroyed 210 | 4 68 . . 13 100 25 Melee 9 | . . . . . . 9 Projectile . | . . . . . . . AOE 201 | 4 68 . . 13 100 16 Terrain Rammed . | . . . . . . . Walls Destroyed . | . . . . . . . Machines Disabled . | . . . . . . . Actions | -11 -10 -10 -10 -9 -8 -8 --------- Run | Scr Mat Min Exi Min Mat Sto Total 2718 | 8 627 659 381 133 494 416 Wait 400 | . 24 11 2 9 160 194 Move 2014 | . 520 611 373 119 248 143 Hop . | . . . . . . . Pick Up 30 | . 11 3 2 1 6 7 Fast Attach 7 | . 3 . . . 1 3 Attach 15 | 2 1 . . . 10 2 Detach 3 | . 1 . . . 1 1 Swap 38 | . 6 3 1 2 17 9 Drop 18 | 4 2 1 3 1 2 5 Fire 132 | 2 52 30 . 1 35 12 Melee 47 | . . . . . 13 34 Ram . | . . . . . . . Kick . | . . . . . . . Crush 14 | . 7 . . . 1 6 Escape Stasis . | . . . . . . . Rewire . | . . . . . . . Trap . | . . . . . . . Miscellaneous . | . . . . . . . Route ------- -11/Scrapyard -10/Materials (discovered 4 exits: [*Mat x2] / *Min x2) -10/Mines (discovered 3 exits: [*Mat x2] / *Exi) -10/Exiles -9/Mines -8/Materials -8/Storage History --------- Turn | Location | Event 4 | -11/Scrapyard | Discovered new exit (range 2) 11 | -11/Scrapyard | Entered Materials 110 | -10/Materials | Discovered new exit (range 15) 312 | -10/Materials | Discovered new exit (range 13) 318 | -10/Materials | Build established: Mutant 829 | -10/Materials | Discovered new exit (range 15) 1035 | -10/Materials | Discovered new exit (range 6) 1051 | -10/Materials | Entered Mines 1082 | -10/Mines | Found a damaged Exp. Sensor Array with a note attached 1085 | -10/Mines | Found Prototype Device 1160 | -10/Mines | Deemed a non-threat by the Exiles lab entrance 1160 | -10/Mines | Discovered new exit (range 5) 1214 | -10/Mines | YI-UF0 nonchalantly dropped a Grenade Launcher on the ground 1345 | -10/Mines | Destroyed YI-UF0 1353 | -10/Mines | Found Prototype Storage 1354 | -10/Mines | Identified YI-UF0's Bottomless Matter Pit 1791 | -10/Mines | Discovered new exit (range 6) 1812 | -10/Mines | Learned location of Zion (-7) 1842 | -10/Mines | Discovered new exit (range 9) 1975 | -10/Mines | Assisted by bots powering up and referring to "LRC-V3" 1977 | -10/Mines | Learned Materials stockpile data 2010 | -10/Mines | Learned location of Storage (-8) 2127 | -10/Mines | Entered Exiles 2127 | -10/Exiles | Accompanied by 3 allies 2167 | -10/Exiles | Met 8R-AWN 2193 | -10/Exiles | Met EX-HEX 2255 | -10/Exiles | Met EX-DEC 2476 | -10/Exiles | Met EX-BIN 2494 | -10/Exiles | Aligned with FarCom system 2495 | -10/Exiles | Given EX-Vault access code 2534 | -10/Exiles | Opened EX-Vault 2561 | -10/Exiles | Found Superbattery 2570 | -10/Exiles | Found Modified TNC 2606 | -10/Exiles | Warned to stay clear of 0b10 Research branches 2709 | -10/Exiles | Discovered new exit (range 14) 2731 | -10/Exiles | Stole two prototypes: Superbattery, Modified TNC 2731 | -10/Exiles | Entered Mines 2731 | -9/Mines | Accompanied by 3 allies 2749 | -9/Mines | Identified exit to Materials 2762 | -9/Mines | Learned Materials trap positions 2937 | -9/Mines | Entered Materials 2937 | -8/Materials | Evolved 4 slots: Propulsion x2, Utility x2 2938 | -8/Materials | Loaded intel: 19 trap records 2940 | -8/Materials | Identified Exp. Sensor Array 3060 | -8/Materials | Repaired Exp. Sensor Array 3088 | -8/Materials | Repaired Lgt. Treads 3182 | -8/Materials | Discovered new exit (range 9) 3236 | -8/Materials | Identified exit to Storage 3665 | -8/Materials | Entered Storage 3669 | -8/Storage | Lost 4 parts (1p2u1w) 3735 | -8/Storage | Repaired Remote Shield 3801 | -8/Storage | Build established: Scavenger-Skirmisher 4044 | -8/Storage | Core integrity fell below 50% 4108 | -8/Storage | Lost 5 parts (1p3n1u) 4180 | -8/Storage | Met a pair of Derelict thieves 4239 | -8/Storage | Core integrity fell below 20% 4245 | -8/Storage | Destroyed by Y-45 Defender with Heavy Assault Rifle Last Messages --------------- 04222_ Slammed into G-47 Trooper. 04222_ Critical hit (Burn: +37). 04223_ Slammed into G-47 Trooper. 04223_ M-28 Smith fits Backup Propulsion III on A-02 Transporter. 04226_ Crushed G-47 Trooper. 04226_ G-47 Trooper destroyed. 04226_ Heat Sink destroyed. 04227_ Slammed into G-47 Trooper. 04229_ Crushed G-47 Trooper. 04229_ G-47 Trooper destroyed. 04230_ Acquired 101 matter. 04230_ Imp. Light Armor Plating destroyed. 04231_ G-50 Soldier Hvy. Laser severed. 04231_ Scythe follow-up attack on G-50 Soldier. 04240_ Door Terminal disabled. 04240_ G-47 Trooper destroyed. 04242_ G-47 Trooper suffers critical hit (Burn). 04242_ Lgt. Treads destroyed. 04243_ K-01 Serf collects debris. 04244_ G-47 Trooper destroyed. Map ----- +----------------------------------------------------+ | ????????#?????#??#?#????# # !! #??? | | ?????????????####???##### # !! ##?# | | ?????????#????##?##?#]]## # ! #??# | | ??????????????#???#?#]]"# # #?#? | | ???????????#??#????## "# + #?## | | ????????????#???##?##""## # #??? | | ??????????????????##T + # " " #??? | | ??????????#????#???## # # "Y" #??? | | ???????????#??#????###### # """ ##?? | | ??????????????########### ############? | | ??????????????# # #? #??? | | ???????????#?## / " " # # #??? | | ?????????????# ] ] "" # # ###? | | ????????????### ] """ # # #??# | | ????#?????????#" + + #??? | | ??????????????#T # # #??? | | ??????????????#" # # #??? | | ??????????????# #o + #??# | | ?????????#????########### # #?#? | | ?????????????????????#### ########+###? | | ????????????????###### # """ #????? | | ????????????????# !# ^ # """ #????? | | ????????????????#= " % # """ #????? | | ????????????????#[i Y = +????? | | ????????????????# "g=%g[ #????? | | ????????????????# == # l@! = #????? | | ????????????????#= = # %= ### ####????? | | ????????????????###### # "#?##???????? | | ?????????????????????#?## g T#??????????? | | ????????????????????????#g a"#??????????? | | ????????????????????????# k ##??????????? | | ????????????????????????# #???????????? | | ????????????????????????# #???????????? | | ????????????????????????# #???????????? | | ????????????????????????+ u #???????????? | | ????????????????????????# #???????????? | | ????????????????????????#gu #???????????? | | ????????????????????????? #???????????? | | ????????????????????????? ???????????? | | ?????????????????????????#+##???????????? | | ?????????????????????????? ?????????????? | | ????????????????????????????????????????? | | ????????????????????????????????????????? | | ????????????????????????????????????????? | | ????????????????????????????????????????? | | ????????????????????????????????????????? | | ????????????????????????????????????????? | | ????????????????????????????????????????? | | ????????????????????????????????????????? | | ????????????????????????????????????????? | +----------------------------------------------------+ Best States ------------- Heat Dissipation 41 Energy Generation 14 Energy Capacity 1600 Matter Stores 300 Matter Capacity 300 Sight Range 16 Terrain Scan Range 16 Terrain Scan Density 10 Armor Coverage 150 Evasion (%) 40 Recoil Reduction 4 Item Schematics ----------------- Hcp. Storage Unit | -10/Mines | Hacked Robot Schematics ------------------ None Fabricated ------------ Nothing Alien Tech Used ----------------- None Achievements -------------- None Challenges ------------ None Game ------ Seed BehemothForceFlakker Manual? 0 Play Time 00:29:58 Cumulative 563.2 hours Start 2022.04.04 @ 21:58:23 End 2022.04.04 @ 22:36:49 Sessions 1 Manual Loads 0 Difficulty Rogue Special Mode None Game No. 541 Rogue 541 Adventurer 0 Explorer 0 Win Type - Total 17 Types 10/2/3/1/0/0/0/1/0 Lore% 86 Gallery% 93 Achievement% 76 Wizard Run 0 Options --------- ASCII 0 Keyboard 0 Movement Mouse Keybinds 1 Fullscreen 2 Font 24/Smallcaps Map View 76x50 Tactical HUD 1 Map Filters NONE Filters NONE Steam 1 RUN: fc23a4e1-fa4c-4801-b49c-0abc1d570019